 Dungeon Sprint DCSS version 0.24-a0-243-g8f5f5cd (webtiles) character file.

Game seed: 1292454932313434873

660 MikeHunt the Martial Artist (level 7, -7/52 HPs)
             Began as a Black Draconian Transmuter on Apr 9, 2019.
             Killed by divine providence
             ... invoked by an oklob sapling priest
              (13 damage)
             ... in the Dungeon (Sprint IV: "Fedhas' Mad Dash").
             The game lasted 00:06:47 (717 turns).

MikeHunt the Martial Artist (DrTm)                   Turns: 717, Time: 00:06:48

Health: -7/52      AC: -2    Str: 12    XL:     7   Next: 30%
Magic:  12/14      EV: 27    Int: 14    God:
Gold:   114        SH:  0    Dex: 18    Spells: 5/15 levels left

rFire    . . .     SeeInvis .     - Unarmed
rCold    . . .     Gourm    .   (shield currently unavailable)
rNeg     . . .     Faith    .   (armour unavailable)
rPois    x         Spirit   .   (helmet currently unavailable)
rElec    .         Reflect  .   (cloak currently unavailable)
rCorr    .         Harm     .   (gloves currently unavailable)
MR       .....     NoTele   +   (boots currently unavailable)
Stlth    ++........             j - amulet of invisibility {+Inv}
HPRegen  0.17/turn              (no ring)
MPRegen  0.14/turn              (no ring)

@: spider-form (expiring), corroded
A: tiny, (breathe lightning), unfitting armour, AC +6
a: End Transformation, Evoke Invisibility


You were in the Dungeon.
You were not hungry.
You were a venomous arachnid creature.
You visited 1 branch You collected 114 gold pieces.

Inventory:

Missiles
 a - 6 arrows
 k - 12 stones (quivered)
Jewellery
 j - the amulet of invisibility (around neck) {+Inv}
   (You found it in the Dungeon)

   [amulet of nothing]

   It lets you turn invisible.
Scrolls
 h - a scroll of fear {unknown}
 i - a scroll of blinking
Potions
 g - 2 potions of magic
Miscellaneous
 b - a phantom mirror
Comestibles
 c - 2 rations


   Skills:
 + Level 1.1 Fighting
 - Level 7.5 Dodging
 + Level 0.0 Stealth
 - Level 10.2 Unarmed Combat
 - Level 4.9 Spellcasting
 - Level 6.8 Transmutations
 - Level 4.4 Ice Magic
 - Level 2.0 Poison Magic


You had 5 spell levels left.
You knew the following spells:

 Your Spells              Type           Power        Failure   Level  Hunger
d - Spider Form           Tmut/Pois      ###.......   22%         3    ###....
e - Beastly Appendage     Tmut           ###...       5%          1    None
r - Sticks to Snakes      Tmut           ###.....     7%          2    ##.....
t - Ice Form              Ice/Tmut       ###.....     36%         4    ####...

Your spell library contained the following spells:

 Spells                   Type           Power        Failure   Level  Hunger
 Blade Hands              Tmut           ###.......   50%         5    ######.


Dungeon Overview and Level Annotations

Branches:
Dungeon (1/1)

Altars:
Cheibriados
Dithmenos
Elyvilon
Gozag
Hepliaklqana
Kikubaaqudgha
Makhleb
Nemelex Xobeh
Okawaru
Qazlal
Ru
Sif Muna
Trog
Uskayaw
Vehumet
Wu Jian
Xom
Yredelemnul
Zin
The Shining One
Beogh
Jiyva
Lugonu

Annotations:
D exclusions: 2 oklob plants and 2 oklob saplings


Innate Abilities, Weirdness & Mutations

((You can breathe wild blasts of lightning.))
((Your glossy black scales are hard. (AC +6)))
You cannot fit into any form of body armour.
((You are resistant to electric shocks. (rElec)))
((You are cold-blooded and may be slowed by cold attacks.))


Message History

The splash of acid misses you.
Found two altars.
The oklob sapling priest miscasts a cantrip.
Found three altars.
The oklob sapling priest spits acid at you.
The splash of acid hits you!
You are splashed with acid!
Found a radiant altar of Vehumet and a corrupted altar of Lugonu.
There is a burning altar of Makhleb here.
The oklob sapling priest begins to cast a cantrip, but forgets the words!
The oklob sapling priest spits acid at you.
The splash of acid hits you. The acid corrodes you!
You are splashed with acid!
* * * LOW HITPOINT WARNING * * *
There is a sparkling altar of Nemelex Xobeh here.
Okay, then.
You hit the oklob sapling priest but do no damage.
You bite the oklob sapling priest!
The oklob sapling priest is severely damaged.
The oklob sapling priest calls down the wrath of its god upon you.
Something smites you!
You die...

########################
....#.....#.⌠._._._._.⌠.
(...'.#...'.._._._._._..
....#.#...#..._.sP_._...
########'##.._._._._._..
......'...#._._._._._.⌠.
♣.....#...##############
..♣..###### '######P
.+...... ##P...P. #####


You could see an oklob sapling priest.

Vanquished Creatures
  A burning bush (D)
  A queen bee (D)
  4 killer bees (D)
  An oklob sapling (D)
  A river rat (D)
  A rat (D)
9 creatures vanquished.

Vanquished Creatures (collateral kills)
  An oklob sapling (D)
  A worker ant (D)
2 creatures vanquished.

Grand Total: 11 creatures vanquished

Notes
Turn   | Place    | Note
-------+----------+-------------------------------------------
     0 | D        | MikeHunt the Draconian Transmuter began the quest for the
                  | Orb.
     0 | D        | Reached XP level 1. HP: 16/16 MP: 3/3
    16 | D        | Reached skill level 4 in Unarmed Combat
    16 | D        | Reached XP level 2. HP: 19/23 MP: 3/5
   169 | D        | Learned a level 2 spell: Sticks to Snakes
   170 | D        | Noticed an oklob sapling
   180 | D        | Killed an oklob sapling
   188 | D        | Found the amulet of invisibility {+Inv}
   193 | D        | Reached skill level 5 in Unarmed Combat
   193 | D        | Reached XP level 3. HP: 28/28 MP: 0/6
   215 | D        | Learned a level 3 spell: Spider Form
   216 | D        | Found an opulent altar of Gozag.
   216 | D        | Found a hazy altar of Hepliaklqana.
   216 | D        | Found a roughly hewn altar of Beogh.
   216 | D        | Found a snail-covered altar of Cheibriados.
   217 | D        | Found a viscous altar of Jiyva.
   217 | D        | Found a burning altar of Makhleb.
   217 | D        | Found a sparkling altar of Nemelex Xobeh.
   217 | D        | Found a sacrificial altar of Ru.
   217 | D        | Found a deep blue altar of Sif Muna.
   217 | D        | Found a bloodstained altar of Trog.
   217 | D        | Found an ornate altar of the Wu Jian Council.
   217 | D        | Found a shimmering altar of Xom.
   217 | D        | Found a basalt altar of Yredelemnul.
   217 | D        | Noticed an oklob sapling priest
   218 | D        | Found an iron altar of Okawaru.
   218 | D        | Found a shadowy altar of Dithmenos.
   218 | D        | Found a glowing silver altar of Zin.
   267 | D        | Noticed an oklob sapling
   275 | D        | Killed an oklob sapling
   275 | D        | Reached skill level 6 in Unarmed Combat
   335 | D        | Noticed a queen bee
   335 | D        | Noticed a killer bee
   335 | D        | Noticed a killer bee
   335 | D        | Noticed a killer bee
   336 | D        | Noticed a killer bee
   379 | D        | Killed a killer bee
   379 | D        | Reached XP level 4. HP: 30/35 MP: 3/10
   388 | D        | Reached skill level 7 in Unarmed Combat
   388 | D        | Reached XP level 5. HP: 20/40 MP: 4/12
   390 | D        | Killed a queen bee
   390 | D        | Reached skill level 9 in Unarmed Combat
   390 | D        | Reached XP level 6. HP: 24/47 MP: 4/13
   396 | D        | Reached skill level 10 in Unarmed Combat
   646 | D        | Learned a level 4 spell: Ice Form
   659 | D        | Noticed an oklob plant
   667 | D        | Noticed a burning bush
   681 | D        | Killed a burning bush
   681 | D        | Your scales start taking on a glossy black colour.
   681 | D        | Reached XP level 7. HP: 41/52 MP: 11/14
   681 | D        | Gained mutation: You are resistant to electric shocks.
                  | (rElec) [Black Draconian growth]
   695 | D        | Noticed a burning bush
   695 | D        | Noticed an oklob plant
   711 | D        | Found a hide-covered altar of Uskayaw.
   711 | D        | Found an ancient bone altar of Kikubaaqudgha.
   712 | D        | Found a stormy altar of Qazlal.
   712 | D        | Found a glowing golden altar of the Shining One.
   712 | D        | Found a white marble altar of Elyvilon.
   713 | D        | Found a radiant altar of Vehumet.
   713 | D        | Found a corrupted altar of Lugonu.
   717 | D        | Killed from afar by an oklob sapling priest

Levels and vault maps discovered:
D:        dungeon_sprint_fedhas [sprint_temple]

Skill      XL: |  1  2  3  4  5  6 |
---------------+-------------------+-----
Unarmed Combat | 4 5 6 7 9 10 | 10.2
Transmutations | 3 4 6 |  6.8
Poison Magic   | 2 |  2.0
Spellcasting   | 4 |  4.9
Dodging        | 3 6 7 |  7.5
Ice Magic      | 4 |  4.4
Fighting       | |  1.1

Action                   |  1- 3 |  4- 6 |  7- 9 || total
-------------------------+-------+-------+-------++-------
Melee: Unarmed           |    21 |    24 |     2 ||    47
       Tailslap          |     2 |       |       ||     2
       Kick              |     1 |       |       ||     1
 Cast: Beastly Appendage |     1 |       |       ||     1
       Sticks to Snakes  |     6 |       |       ||     6
       Spider Form       |     2 |     1 |     1 ||     4
 Abil: End Transformatio |     1 |     1 |       ||     2
  Use: Potion            |     2 |     2 |       ||     4
 Stab: Distracted        |     1 |       |       ||     1
Armor: Skin              |     1 |       |       ||     1
Dodge: Dodged            |     6 |    14 |     1 ||    21

Table legend:
 A = Non-vault XP
 B = Vault XP
 C = Vault XP percentage of total XP
 D = Non-vault monster count
 E = Vault monster count
 F = Vault count percentage of total count
                 A         B        C        D         E       F
            +---------+---------+-------+---------+---------+-------
      Total |       0 |     943 | 100.0 |       0 |      11 | 100.0
            +---------+---------+-------+---------+---------+-------
          D |       0 |     943 | 100.0 |       0 |      11 | 100.0
            +---------+---------+-------+---------+---------+-------
